 Dungeon Crawl Stone Soup version 0.31-a0-331-geda263fcf1 (webtiles) character file.

Game seed: 11005832529363968044

606 LustLizard the Ruffian (level 7, 0/48 HPs)
             Began as an Octopode Shapeshifter on July 20, 2023.
             Slain by an orc
             ... wielding a +0 flail
              (6 damage)
             ... on level 4 of the Dungeon.
             The game lasted 00:09:29 (3165 turns).

LustLizard the Ruffian (Octopode Shapeshifter)      Turns: 3165, Time: 00:09:29

Health: 0/48       AC:  1    Str: 16    XL:     7   Next: 42%
Magic:  7/7        EV: 13    Int: 10    God:
Gold:   207        SH:  0    Dex: 13    Spells: 6/6 levels left

rFire   . .          .
                       - Unarmed
rCold   . . .        (no shield)
rNeg    . . .        (helmet currently unavailable)
rPois   .            h - amulet of the acrobat
rElec   .            p - ring of flight
rCorr   .            (no ring)
SInv    .            (no ring)
Will    .....        (no ring)
Stlth   ++++         (no ring)
HPRegen 0.28/turn    (no ring)
MPRegen 0.10/turn    (no ring)
                     (no ring)

%: acrobat
@: beast-form, flying
A: beast (slay +2), almost no armour, amphibious, 8 rings, camouflage 1,
gelatinous body 1, (nimble swimmer 1), tentacles
a: Begin Untransformation


You were on level 4 of the Dungeon.
You were a hulking beast.
You visited 1 branch of the dungeon, and saw 4 of its levels.
You also visited: Ossuary.

You collected 207 gold pieces.

Inventory:

Jewellery
 h - an amulet of the acrobat (around mantle)
 p - a ring of flight (left tentacle)
Talismans
 b - a beast talisman
 t - a blade talisman
Scrolls
 a - a scroll of noise {unknown}
 d - a scroll of teleportation {unknown}
 g - a scroll of vulnerability {unknown}
 i - a scroll of brand weapon {unknown}
 l - a scroll of immolation {unknown}
 o - a scroll of fog {unknown}
 q - a scroll of identify
 s - a scroll of silence {unknown}
 u - a scroll of poison {unknown}
 v - 2 scrolls of blinking {unknown}
 w - a scroll of revelation {unknown}
Potions
 c - 6 potions of curing
 e - 4 potions of mutation
 f - a potion of ambrosia
 j - 2 potions of might
 k - 4 potions of brilliance
 m - a potion of attraction {unknown}
 n - a potion of enlightenment {unknown}
 r - a potion of cancellation {unknown}
 x - 2 potions of berserk rage {unknown}
 z - a potion of resistance {unknown}


   Skills:
 + Level 4.0 Fighting
 - Level 2.0 Dodging
 + Level 4.6 Stealth
 * Level 5.2 Unarmed Combat
 + Level 4.1 Shapeshifting


You had 6 spell levels left.
You didn't know any spells.
Your spell library contained the following spells:

 Spells                   Type           Power      Damage    Failure   Level
 Summon Small Mammal      Summ           0%         N/A       36%         1
 Call Canine Familiar     Summ           0%         N/A       75%         3
 Summon Guardian Golem    Hex/Summ       0%         N/A       75%         3


Dungeon Overview and Level Annotations

Branches:
Dungeon (4/15)            Ossuary (visited)
 Temple: D:4-7

Altars:
Ashenzari
Makhleb
Xom


Innate Abilities, Weirdness & Mutations

You are a hulking beast.
Your limbs bulge with bestial killing power. (Slay +2)
You cannot wear most types of armour.
You are amphibious.
You can wear up to eight rings at the same time.
Your skin changes colour to match your surroundings (Stealth+).
Your rubbery body absorbs attacks. (AC +1, EV +1)
((You are camouflaged when in or above water. (Stealth+)))
You have tentacles for arms and can constrict up to eight enemies at once.


Message History

You tentacle-slap the endoplasm.
You kill the endoplasm!
An orc wizard comes into view. It is wielding a +0 dagger.
An orc comes into view. It is wielding a +0 flail.
The orc wizard shouts!
The orc wizard points at you and mumbles some strange words.
The magic dart hits you. The orc wizard completely misses you.
The orc priest shouts!
You tentacle-slap the orc wizard. You grab the orc wizard.
The orc wizard is moderately wounded.
You constrict the orc wizard.
The orc wizard hits you with a +0 dagger.
The orc hits you with a +0 flail!
You closely miss the orc priest. You grab the orc priest.
You tentacle-slap the orc priest, but do no damage.
You constrict the orc wizard. You constrict the orc priest.
The orc wizard closely misses you. The orc priest misses you.
The orc completely misses you.
You bludgeon the orc wizard!
You kill the orc wizard!
You constrict the orc priest. The orc priest hits you with a +0 club.
The orc closely misses you.
You tentacle-slap the orc priest.
The orc priest is moderately wounded.
You constrict the orc priest. The orc hits you with a +0 flail!
The orc priest misses you.
You tentacle-slap the orc priest.
The orc priest is heavily wounded.
You constrict the orc priest. The orc hits you with a +0 flail!
* * * LOW HITPOINT WARNING * * *
The orc priest hits you with a +0 club.
* * * LOW HITPOINT WARNING * * *
Unknown command.
You feel better.
You constrict the orc priest.
The orc priest calls down the wrath of Beogh upon you.
Pain shoots through your body!
* * * LOW HITPOINT WARNING * * *
The orc hits you with a +0 flail.
You die...

.....# #...... #.....#
+####.....#
#.....#....##.....#
#.....#...........+
#.................#
####....###.###......#
........#.....#......#
........#..>..#.ho...#
...........?....o)...#
........#.....#......#
........#.....#.#......+
######..###.###.##+##.##
# ...........# .# #
......#.....# . #
.......#..$..# #
........#.....#


You could see an orc priest and an orc.

Vanquished Creatures
  Menkaure (Ossuary)
  A sky beast (D:4)
  A centaur (D:4)
  A necrophage (D:4)
  An orc wizard (D:4)
  A hound skeleton (D:4)
  3 mummies (Ossuary)
  7 adders
  A worm (D:2)
  2 orcs
  8 bats
  9 endoplasms
  A giant cockroach (D:1)
  11 goblins
  7 hobgoblins
  10 kobolds
  7 quokkas
  2 ball pythons
  3 frilled lizards
  3 gnoll skeletons (Ossuary)
  2 gnoll zombies (Ossuary)
  3 goblin skeletons (Ossuary)
  A goblin zombie (Ossuary)
  4 hobgoblin skeletons (Ossuary)
  6 hobgoblin zombies (Ossuary)
  4 kobold skeletons (Ossuary)
  4 kobold zombies (Ossuary)
  8 orc skeletons (Ossuary)
  8 orc zombies (Ossuary)
  3 rats
  3 rat skeletons (Ossuary)
  4 rat zombies (Ossuary)
130 creatures vanquished.

Notes
Turn   | Place    | Note
-------+----------+-------------------------------------------
     0 | D:1      | LustLizard the Octopode Shapeshifter began the quest for
                  | the Orb.
     0 | D:1      | Reached XP level 1. HP: 14/14 MP: 1/1
    87 | D:1      | Reached XP level 2. HP: 16/19 MP: 2/2
   208 | D:1      | Reached skill level 1 in Stealth
   552 | D:1      | Reached XP level 3. HP: 24/24 MP: 3/3
  1191 | D:2      | Reached skill level 3 in Unarmed Combat
  1209 | D:2      | Reached XP level 4. HP: 30/30 MP: 4/4
  1577 | D:3      | Identified the +0 whip of Zyzed {drain, +Blink rPois}
  2045 | D:3      | Reached XP level 5. HP: 36/36 MP: 5/5
  2273 | D:4      | Noticed a sky beast
  2317 | D:4      | Found a shimmering altar of Xom.
  2318 | D:4      | Found a broken altar of Ashenzari.
  2360 | D:4      | Noticed a centaur
  2386 | D:4      | Killed a centaur
  2399 | D:4      | Reached skill level 4 in Unarmed Combat
  2411 | D:4      | Killed a sky beast
  2412 | D:4      | Reached XP level 6. HP: 20/42 MP: 6/6
  2493 | D:4      | Found a sand-covered staircase.
  2541 | Ossuary  | Entered an ossuary
  2922 | Ossuary  | Noticed Menkaure
  2939 | Ossuary  | Killed Menkaure
  2940 | Ossuary  | Reached XP level 7. HP: 47/47 MP: 7/7
  3078 | D:4      | Found a burning altar of Makhleb.
  3086 | D:4      | Reached skill level 5 in Unarmed Combat
  3165 | D:4      | Slain by an orc

Illustrated notes

Levels and vault maps discovered:
D:1:      minmay_arrival_doors, layout_loops_ring, minmay_pentomino_r2
D:2:      layout_loops_cross
D:3:      layout_basic
D:4:      layout_gridville, marbit_many_paths, makhleb_blood_cavern_becter,
          gammafunk_temple_overflow_statue, nicolae_ossuary_entry_monument,
          st_stairs_3, minmay_liquid_box, kennysheep_dice

Skill      XL: |  1  2  3  4  5  6  7 |
---------------+----------------------+-----
Stealth        | 1 2 3 4 |  4.6
Unarmed Combat | 3 4 5 |  5.2
Fighting       | 3 4 |  4.0
Shapeshifting  | 4 |  4.1
Dodging        | |  2.0

Action                     |  1- 3 |  4- 6 |  7- 9 || total
---------------------------+-------+-------+-------++-------
  Melee: Unarmed           |    69 |   141 |    26 ||   236
         Constrict         |    19 |    43 |     7 ||    69
         Tentacles         |    12 |    39 |     4 ||    55
         Punch             |     3 |     9 |     1 ||    13
    Use: Scroll            |     2 |     2 |     2 ||     6
         Potion            |       |     1 |     1 ||     2
   Stab: Sleeping          |    12 |     9 |     3 ||    24
 Armour: Skin              |     5 |    25 |       ||    30
  Dodge: Dodged            |    26 |    57 |    16 ||    99

Table legend: (Time is in decaauts)
 A = Elapsed time spent in this place.
 B = Non-inter-level travel time spent in this place.
 C = Inter-level travel time spent in this place.
 D = Time resting spent in this place.
 E = Time spent auto-exploring this place.
 F = Levels seen in this place.
 G = Mean time per level.
                   A        B        C        D        E       F      G
               +--------+--------+--------+--------+--------+-----+--------+
         Total |   3148 |   3048 |    100 |    118 |   1921 |   5 |  629.6 |
       Dungeon |   2681 |   2581 |    100 |     80 |   1775 |   4 |  670.2 |
       Ossuary |    466 |    466 |      0 |     38 |    146 |   1 |  466.0 |
               +--------+--------+--------+--------+--------+-----+--------+

Top non-repeatable levels by time:
     D:1: 874 daAuts
     D:3: 689 daAuts
     D:2: 666 daAuts
 Ossuary: 466 daAuts
     D:4: 451 daAuts
